 Dungeon Crawl Stone Soup version 0.29-a0-474-gdfe5cd140f (webtiles) character file.

Game seed: 9054536276258553350

5971 Infinimo the Basher (level 10, -6/79 HPs)
             Began as a Demonspawn Gladiator on May 24, 2022.
             Was an Elder of Okawaru.
             Shot with a bolt by a centaur warrior (26 damage)
             ... on level 8 of the Dungeon.
             The game lasted 00:19:58 (11826 turns).

Infinimo the Basher (Demonspawn Gladiator)         Turns: 11826, Time: 00:19:58

Health: -6/79      AC: 14    Str: 20    XL:     10   Next: 55%
Magic:  19/19      EV: 15    Int: 14    God:    Okawaru [****..]
Gold:   523        SH:  0    Dex: 15    Spells: 21/21 levels left

rFire   + . .      SeeInvis .   u - +2 flail (vorpal)
rCold   + . .      Faith    +   (no shield)
rNeg    . . .      Spirit   .   t - +0 robe {rC+ rF+}
rPois   .          Reflect  .   (helmet restricted)
rElec   .          Harm     .   v - +0 cloak
rCorr   .          Rampage  .   (no gloves)
Will    .....                   d - +0 pair of boots
Stlth   +.........              s - amulet of faith
HPRegen 0.23/turn               b - +4 ring of protection
MPRegen 0.16/turn               m - +6 ring of strength

@: sanguine armoured
A: horns 1, powered by pain 2, sanguine armour 1
a: Renounce Religion, Heroism, Finesse


You were on level 8 of the Dungeon.
You worshipped Okawaru.
Okawaru was greatly pleased with you.
You visited 2 branches of the dungeon, and saw 9 of its levels.

You collected 523 gold pieces.

Inventory:

Hand Weapons
 u - a +2 vorpal flail (weapon)
Armour
 c - a +0 helmet
 d - a +0 pair of boots (worn)
 t - a +0 robe of resistance (worn)
 v - a +0 cloak (worn)
Jewellery
 b - a +4 ring of protection (left hand)
 m - a +6 ring of strength (right hand)
 s - an amulet of faith (around neck)
 A - an amulet of regeneration
Wands
 l - a wand of iceblast (5)
Scrolls
 a - 2 scrolls of acquirement {unknown}
 e - a scroll of enchant weapon
 f - 3 scrolls of poison
 g - 5 scrolls of identify
 h - a scroll of enchant armour {unknown}
 i - a scroll of immolation
 j - 3 scrolls of teleportation
 p - 3 scrolls of magic mapping
 q - a scroll of fog
 y - 2 scrolls of noise {unknown}
 z - a scroll of torment {unknown}
Potions
 k - a potion of degeneration
 n - 3 potions of flight
 r - a potion of brilliance {unknown}
 w - 2 potions of curing
 x - 2 potions of ambrosia {unknown}
 B - a potion of cancellation {unknown}


   Skills:
 + Level 7.4 Fighting
 * Level 9.7 Maces & Flails
 - Level 1.7 Throwing
 + Level 7.1 Dodging
 + Level 6.4 Spellcasting


You had 21 spell levels left.
You didn't know any spells.
Your spell library contained the following spells:

 Spells                   Type           Power      Damage    Failure   Level
 Apportation              Tloc           8%         N/A       16%         1
 Necrotize                Necr           16%        1d4       16%         1
 Ensorcelled Hibernation  Hex/Ice        8%         N/A       22%         2
 Conjure Flame            Conj/Fire      4%         6-21      41%         3
 Gell's Gravitas          Tloc           4%         N/A       41%         3
 Ignite Poison            Fire/Tmut/Pois 4%         N/A       41%         3
 Spider Form              Tmut/Pois      4%         N/A       41%         3
 Teleport Other           Tloc           4%         N/A       41%         3
 Anguish                  Hex/Necr       2%         N/A       83%         4
 Passage of Golubria      Tloc           4%         N/A       83%         4
 Sticky Flame             Conj/Fire      4%         2d3       83%         4
 Yara's Violent Unravell  Hex/Tmut       2%         3d3       99%         5
 Dispersal                Tloc           2%         N/A       100%        6
 Summon Small Mammal      Summ           Unusable   N/A       N/A         1
 Tukima's Dance           Hex            Unusable   N/A       N/A         3

Dungeon Overview and Level Annotations

Branches:
Dungeon (8/15)             Temple (1/1) D:6
   Lair: D:8-11

Altars:
Ashenzari
Cheibriados
Dithmenos
Elyvilon
Fedhas
Gozag
Hepliaklqana
Kikubaaqudgha
Makhleb
Nemelex Xobeh
Okawaru
Qazlal
Sif Muna
Trog
Uskayaw
Vehumet
Wu Jian
Xom
Yredelemnul
Zin
The Shining One

Shops:
D:5 (

Annotations:
D:8 3 runed translucent doors, P0WERM0DE's ghost, novice OpCj


Innate Abilities, Weirdness & Mutations

You have a pair of small horns on your head.
You sometimes gain power by taking damage.
When seriously injured, your blood forms armour. (AC +6)


Message History

Maurice steals your amulet of regeneration!
Maurice puts on an amulet of regeneration.
You sock Maurice!
Maurice is lightly wounded.
Maurice is lightly wounded.
Maurice casts a spell.
Maurice flickers and vanishes!
Deactivating autopickup; reactivate with Ctrl-A.
You hear a zap.
A puff of flame appears from out of thin air!
You headbutt something! Something hits you.
Something steals your 2 scrolls labelled ONKOTYAHOBO!
You hit something but do no damage. You headbutt something! You sock something!
Something barely misses you. Something hits you!!
Something steals your silvery potion!
You hit something. You thump something! Okawaru accepts your kill.
You can now speed up your combat.
Reactivating autopickup.
You feel a bit more experienced.
A - an amulet of regeneration;
r - a silvery potion
a - 2 scrolls labelled ONKOTYAHOBO You now have 523 gold pieces (gained 4).
Items here: ) / [ †.
Okay, then.
A centaur warrior is nearby!
A centaur warrior is nearby!
Your extra speed is starting to run out.
You feel yourself slow down.
A centaur warrior is nearby!
The centaur warrior shouts!
The centaur warrior shoots a bolt.
The bolt hits you!!
Your blood congeals into armour.
The bolt burns you.
The centaur warrior shoots a bolt.
The bolt hits you!
* * * LOW HITPOINT WARNING * * *
The bolt burns you.
* * * LOW HITPOINT WARNING * * *
The centaur warrior shoots a bolt.
The bolt hits you!!
You die...

#§ ##.#..#......##.#.....#..# c#
##...#.........#.....#... .#
#.c...#.....c.#.....#... @#
#..#..##.....##....[.... .#
#[.##..#....##.......... .##
##.####.....##.........## #.##
##.###...).###......≈≈§≈≈#
##.#####.###.....##.......≈§.≈.≈§
.##.....###.....@.##......≈§☼○..≈
..########..####...##.......≈§≈.≈
#.......#.###..###..#.....≈§☼.≈≈§
...###..###......##.#.....§§...≈≈
...##...#...).#.....#..#..#≈≈§§§#
........#.##......###..#########
.##.....#..###..###.#..#
........##...####..##.##
.........##.......##..#


You could see a centaur warrior.

Vanquished Creatures
  Pikel (D:8)
  Maurice (D:8)
  Joseph (D:7)
  A wyvern (D:8)
  10 yaks
  2 steam dragons (D:8)
  Menkaure (D:5)
  Edmund (D:5)
  2 water moccasins
  A black bear (D:7)
  A sky beast (D:7)
  An orc warrior (D:7)
  2 ice beasts (D:7)
  An ogre (D:6)
  3 centaurs
  3 lemures (D:8)
  5 bullfrogs
  A kobold brigand (D:5)
  6 scorpions
  2 gnoll sergeants (D:8)
  4 killer bees (D:6)
  5 hounds
  2 orc priests
  A jelly (D:5)
  Jessica (D:2)
  4 orc wizards
  14 gnolls
  8 adders
  2 shadow imps (D:5)
  3 white imps (D:8)
  4 ufetubi
  A worm (D:2)
  A dart slug (D:3)
  22 orcs
  8 ball pythons
  10 bats
  12 endoplasms
  A giant cockroach (D:2)
  8 goblins
  5 hobgoblins
  3 jackals (D:1)
  7 quokkas
  8 frilled lizards
  6 kobolds
  4 rats
190 creatures vanquished.

Vanquished Creatures (others)
  A two-headed ogre (D:8)
  A bullfrog (D:8)
  2 howler monkeys (D:8)
  An orc (D:8)
  5 plants (D:8)
10 creatures vanquished.

Grand Total: 200 creatures vanquished

Notes
Turn   | Place    | Note
-------+----------+-------------------------------------------
     0 | D:1      | Infinimo the Demonspawn Gladiator began the quest for the
                  | Orb.
     0 | D:1      | Reached XP level 1. HP: 16/16 MP: 1/1
   258 | D:1      | Gained mutation: You sometimes gain a little power by
                  | taking damage. [demonic ancestry]
   258 | D:1      | Reached XP level 2. HP: 18/22 MP: 2/2
   418 | D:1      | Reached skill level 3 in Maces & Flails
   724 | D:1      | Reached XP level 3. HP: 18/28 MP: 4/4
   995 | D:1      | Reached skill level 1 in Spellcasting
  1534 | D:2      | Found a shimmering blue altar of Sif Muna.
  1597 | D:2      | Noticed Jessica
  1615 | D:2      | Reached XP level 4. HP: 32/34 MP: 5/5
  1708 | D:2      | Killed Jessica
  2728 | D:2      | Gained mutation: You sometimes gain power by taking damage.
                  | [demonic ancestry]
  2728 | D:2      | Reached XP level 5. HP: 21/40 MP: 7/7
  2900 | D:3      | Reached skill level 4 in Maces & Flails
  2913 | D:3      | Noticed an orc warrior
  3893 | D:3      | Reached XP level 6. HP: 17/47 MP: 9/9
  4541 | D:5      | Entered Level 5 of the Dungeon
  4608 | D:5      | Found Fagoyzuh's Antique Weapon Boutique.
  4870 | D:5      | Reached skill level 5 in Maces & Flails
  4901 | D:5      | Noticed a water moccasin
  4909 | D:5      | Gained mutation: When seriously injured, your blood forms
                  | armour. (AC +6) [demonic ancestry]
  4909 | D:5      | Reached XP level 7. HP: 42/53 MP: 9/11
  5618 | D:5      | Reached skill level 6 in Maces & Flails
  5618 | D:5      | Gained mutation: You have a pair of small horns on your
                  | head. [demonic ancestry]
  5618 | D:5      | Reached XP level 8. HP: 40/61 MP: 13/13
  5778 | D:5      | Noticed Menkaure
  5899 | D:5      | Killed Menkaure
  5984 | D:5      | Noticed Edmund
  6000 | D:5      | Killed Edmund
  6544 | D:5      | Reached skill level 5 in Fighting
  6544 | D:5      | Reached skill level 5 in Dodging
  6640 | D:6      | Found a shadowy altar of Dithmenos.
  6791 | D:6      | You fall into a shaft and drop 1 floor!
  6982 | D:7      | Reached skill level 7 in Maces & Flails
  7131 | D:7      | Noticed Joseph
  7179 | D:6      | Found a staircase to the Ecumenical Temple.
  7567 | Temple   | Entered the Ecumenical Temple
  7676 | Temple   | Became a worshipper of Warmaster Okawaru
  7918 | D:6      | Reached XP level 9. HP: 52/68 MP: 15/15
  8599 | D:7      | Killed Joseph
  8599 | D:7      | Reached * piety under Okawaru
  8600 | D:7      | Reached skill level 5 in Spellcasting
  8958 | D:8      | Found a blossoming altar of Fedhas.
  9064 | D:8      | Reached skill level 8 in Maces & Flails
  9247 | D:8      | Reached ** piety under Okawaru
  9743 | D:8      | Noticed a centaur warrior
  9743 | D:8      | Noticed Maurice
  9746 | D:8      | Identified the +9 long sword of Metis {spect, rF+ rC++}
  9794 | D:7      | Reached XP level 10. HP: 33/77 MP: 18/18
 10162 | D:7      | Reached skill level 9 in Maces & Flails
 10164 | D:7      | Reached *** piety under Okawaru
 10379 | D:8      | Found a runed translucent gate.
 10379 | D:8      | Found a runed translucent gate.
 10380 | D:8      | Found a runed translucent gate.
 10381 | D:8      | Noticed an 11-headed hydra
 10381 | D:8      | Noticed P0WERM0DE's ghost (novice OpCj)
 10425 | D:8      | Noticed Pikel
 10454 | D:8      | Killed Pikel
 10693 | D:8      | Killed a two-headed ogre
 11457 | D:8      | Found a stormy altar of Qazlal.
 11605 | D:8      | Found a shimmering altar of Xom.
 11771 | D:8      | Killed Maurice
 11771 | D:8      | Reached **** piety under Okawaru
 11826 | D:8      | Shot with a bolt by a centaur warrior

Illustrated notes

Levels and vault maps discovered:
D:1:      wheals_arrival_shading, layout_rooms
D:2:      layout_basic, basic_altar, minmay_misc_feat_five, minivault_4,
          chequers_garden, minmay_vboxes, uniq_jessica
D:3:      layout_rooms
D:4:      layout_basic, lightli_ossuary_entry_decrepit_ruins
D:5:      layout_loops_ring, serial_shops, nicolae_diamond_shop,
          minmay_joined_circles, uniq_edmund, uniq_menkaure
D:6:      layout_basic, nicolae_dithmenos_shadow_blocks,
          minmay_temple_entry_antechambers
D:7:      layout_rooms, uniq_joseph
D:8:      minmay_the_grid_octo_triangle [minmay_the_grid_octo_tetromino_candy,
          minmay_the_grid_octo_prize_single_spiral,
          minmay_the_grid_octo_odd_swirl], layout_cave_pools, fedhas_altar_2,
          xom_confusion_cloud, general_overflow_altar,
          gammafunk_ghost_hydra_chop, supply_closet_lemuel, uniq_maurice,
          uniq_pikel
Temple:   nicolae_temple_x_marks_the_god

Skill      XL: |  1  2  3  4  5  6  7  8  9 10 |
---------------+-------------------------------+-----
Maces & Flails | 3 4 5 6 7 8 9 |  9.7
Spellcasting   | 1 2 3 4 5 6 |  6.4
Dodging        | 3 4 5 6 7 |  7.1
Fighting       | 3 4 5 6 7 |  7.4
Throwing       | |  1.7

Action                   |  1- 3 |  4- 6 |  7- 9 | 10-12 || total
-------------------------+-------+-------+-------+-------++-------
Melee: Flail             |   110 |   195 |   313 |   108 ||   726
       Punch             |     1 |       |     8 |       ||     9
       Headbutt          |       |       |    45 |    18 ||    63
  Use: Potion            |     4 |     1 |     6 |     1 ||    12
       Scroll            |       |    12 |     1 |     1 ||    14
 Stab: Sleeping          |     2 |     2 |     1 |       ||     5
Armor: Leather armour    |    42 |    16 |       |       ||    58
       Robe              |       |    59 |   141 |    20 ||   220
       Skin              |       |       |    45 |       ||    45
Dodge: Dodged            |    91 |   153 |   272 |    61 ||   577

Table legend: (Time is in decaauts)
 A = Elapsed time spent in this place.
 B = Non-inter-level travel time spent in this place.
 C = Inter-level travel time spent in this place.
 D = Time resting spent in this place.
 E = Time spent auto-exploring this place.
 F = Levels seen in this place.
 G = Mean time per level.
                   A        B        C        D        E       F      G
               +--------+--------+--------+--------+--------+-----+--------+
         Total |  11866 |  11590 |    276 |      5 |   9425 |   9 | 1318.4 |
       Dungeon |  11752 |  11476 |    276 |      5 |   9379 |   8 | 1469.0 |
        Temple |    113 |    113 |      0 |      0 |     46 |   1 |  113.0 |
               +--------+--------+--------+--------+--------+-----+--------+

Top non-repeatable levels by time:
     D:7: 2317 daAuts
     D:5: 2088 daAuts
     D:2: 1580 daAuts
     D:8: 1416 daAuts
     D:6: 1335 daAuts
     D:1: 1236 daAuts
     D:3: 1201 daAuts
     D:4: 575 daAuts
  Temple: 113 daAuts
